TOP OF THE 1ST |
Louisiana State Lions batting - Pitching for Citadel Cannons : RHP Raymond Nesbitt
|
Pitching: RHP Raymond Nesbitt
|
|
Batting: RHB Henry Timperley
|
0-0: Called Strike 0-1: Foul Ball, location: 9LDF 0-2: SINGLE (Groundball, 34D, EV 98.8 MPH)
|
Batting: RHB George Wiggins
|
0-0: Called Strike 0-1: Ball 1-1: Called Strike 1-2: Foul Ball, location: 3SF 1-2: Ground out 5-3 (Groundball, 5S, EV 71.9 MPH) Henry Timperley to second
|
Batting: RHB Walter Bellenger
|
0-0: Called Strike Henry Timperley steals 3rd base 0-1: Fly out, F7 (Flyball, 7, EV 95.6 MPH)
|
Batting: LHB John Gornall
|
0-0: Ground out 5-3 (Groundball, 56, EV 106.3 MPH)
|
Top of the 1st over - 0 runs, 1 hit, 0 errors, 1 left on base; Louisiana State 0 - Citadel 0 |
BOTTOM OF THE 1ST |
Citadel Cannons batting - Pitching for Louisiana State Lions : RHP William Reynolds
|
Pitching: RHP William Reynolds
|
|
Batting: RHB Walter Melville
|
0-0: Called Strike 0-1: Swinging Strike 0-2: SINGLE (Line Drive, 56D, EV 97.5 MPH)
|
Batting: RHB Judge King
|
0-0: Bunted foul 0-1: Reached on error, E5 (Groundball, 5S, EV 53.8 MPH) Walter Melville to second
|
Batting: SHB Nolan Barcroft
|
0-0: Called Strike 0-1: SINGLE (Line Drive, 7S, EV 110.0 MPH) Walter Melville to third Judge King to second
|
Batting: RHB Adolfo Baker
|
0-0: Ball 1-0: Foul Ball, location: 9LSF 1-1: Fielders Choice at 2nd, 6-4 (Groundball, 6, EV 86.9 MPH) Walter Melville scores Judge King to third
|
Batting: RHB Thomas Bell
|
0-0: Ball Adolfo Baker is caught stealing 2nd base 2-4 1-0: Ground out 4-3 (Groundball, 4, EV 108.1 MPH)
|
Bottom of the 1st over - 1 run, 2 hits, 1 error, 1 left on base; Louisiana State 0 - Citadel 1 |
TOP OF THE 2ND |
Louisiana State Lions batting - Pitching for Citadel Cannons : RHP Raymond Nesbitt
|
Batting: RHB Charles Hutchinson
|
0-0: Ball 1-0: Ball 2-0: Ball 3-0: Base on Balls
|
Batting: RHB Calvin Mawson
|
0-0: Ball Charles Hutchinson is caught stealing 2nd base 2-4 1-0: Swinging Strike 1-1: Ball 2-1: Ball 3-1: Swinging Strike 3-2: Ground out 5-3 (Groundball, 5, EV 78.8 MPH)
|
Batting: LHB Clemens Byrd
|
0-0: Called Strike 0-1: Ground out U3 (Groundball, 3L, EV 87.5 MPH)
|
Top of the 2nd over - 0 runs, 0 hits, 0 errors, 0 left on base; Louisiana State 0 - Citadel 1 |
BOTTOM OF THE 2ND |
Citadel Cannons batting - Pitching for Louisiana State Lions : RHP William Reynolds
|
Batting: RHB Henderso Ekins
|
0-0: Ball 1-0: Foul Ball, location: 2F 1-1: Ball 2-1: Hit by Pitch
|
Batting: RHB Robert Strugnell
|
0-0: Bunt missed! 0-1: Ball 1-1: Sac Bunt to P - play at first, batter OUT! 1-3 Henderso Ekins to second
|
Batting: RHB Adrian Haythornthwaite
|
0-0: Ball 1-0: Ball 2-0: Called Strike 2-1: Fly out, F6 (Line Drive, 6MD, EV 68.1 MPH)
|
Batting: RHB Raymond Nesbitt
|
0-0: Called Strike 0-1: Ground out 6-3 (Groundball, 56, EV 104.4 MPH)
|
Bottom of the 2nd over - 0 runs, 0 hits, 0 errors, 1 left on base; Louisiana State 0 - Citadel 1 |
TOP OF THE 3RD |
Louisiana State Lions batting - Pitching for Citadel Cannons : RHP Raymond Nesbitt
|
Batting: LHB Andrew Dicey
|
0-0: SINGLE (Groundball, 6MD, EV 110.6 MPH)
|
Batting: RHB William Reynolds
|
0-0: Sac Bunt to 5S - play at second, runner OUT! 5-6
|
Batting: RHB Henry Timperley
|
0-0: Ball 1-0: Ball 2-0: Ball 3-0: Base on Balls William Reynolds to second
|
Batting: RHB George Wiggins
|
0-0: Fly out, F6 (Popup, 6M, EV 49.4 MPH)
|
Batting: RHB Walter Bellenger
|
0-0: Ground out 4-3 (Groundball, 4, EV 90.0 MPH)
|
Top of the 3rd over - 0 runs, 1 hit, 0 errors, 2 left on base; Louisiana State 0 - Citadel 1 |
BOTTOM OF THE 3RD |
Citadel Cannons batting - Pitching for Louisiana State Lions : RHP William Reynolds
|
Batting: RHB Walter Melville
|
0-0: Called Strike 0-1: Swinging Strike 0-2: Ball 1-2: Ball 2-2: Fly out, F4 (Line Drive, 4, EV 74.4 MPH)
|
Batting: RHB Judge King
|
0-0: Ball 1-0: Foul Ball, location: 7LSF 1-1: Ground out 5-3 (Groundball, 5, EV 95.6 MPH)
|
Batting: SHB Nolan Barcroft
|
0-0: Called Strike 0-1: Foul Ball, location: 3F 0-2: Foul Ball, location: 2F 0-2: Strikes out looking
|
Bottom of the 3rd over - 0 runs, 0 hits, 0 errors, 0 left on base; Louisiana State 0 - Citadel 1 |
TOP OF THE 4TH |
Louisiana State Lions batting - Pitching for Citadel Cannons : RHP Raymond Nesbitt
|
Batting: LHB John Gornall
|
0-0: Ground out 4-3 (Groundball, 4, EV 83.8 MPH)
|
Batting: RHB Charles Hutchinson
|
0-0: Foul Ball, location: 9LMF 0-1: Called Strike 0-2: Ball 1-2: Ball 2-2: Ball 3-2: SINGLE (Flyball, 5D, EV 85.6 MPH)
|
Batting: RHB Calvin Mawson
|
0-0: Called Strike 0-1: Foul Ball, location: 5DF 0-2: Ball 1-2: Fly out, F6 (Flyball, 56D, EV 96.9 MPH)
|
Batting: LHB Clemens Byrd
|
0-0: Ball Charles Hutchinson is caught stealing 2nd base 2-6
|
Top of the 4th over - 0 runs, 1 hit, 0 errors, 0 left on base; Louisiana State 0 - Citadel 1 |
BOTTOM OF THE 4TH |
Citadel Cannons batting - Pitching for Louisiana State Lions : RHP William Reynolds
|
Batting: RHB Adolfo Baker
|
0-0: Ball 1-0: Foul Ball, location: 5SF 1-1: Ground out 6-3 (Groundball, P, EV 83.1 MPH)
|
Batting: RHB Thomas Bell
|
0-0: Called Strike 0-1: Ball 1-1: Ball 2-1: Ball 3-1: Fly out, F6 (Popup, 4MD, EV 50.6 MPH)
|
Batting: RHB Henderso Ekins
|
0-0: SINGLE (Line Drive, 7S, EV 95.6 MPH)
|
Batting: RHB Robert Strugnell
|
0-0: Foul Ball, location: 2F 0-1: Swinging Strike 0-2: Strikes out swinging
|
Bottom of the 4th over - 0 runs, 1 hit, 0 errors, 1 left on base; Louisiana State 0 - Citadel 1 |
TOP OF THE 5TH |
Louisiana State Lions batting - Pitching for Citadel Cannons : RHP Raymond Nesbitt
|
Batting: LHB Clemens Byrd
|
0-0: Called Strike 0-1: Ball 1-1: Called Strike 1-2: Foul Ball, location: 2F 1-2: Fly out, F9 (Line Drive, 89M, EV 95.6 MPH)
|
Batting: LHB Andrew Dicey
|
0-0: Ball 1-0: TRIPLE (Line Drive, 78XD, EV 105.6 MPH)
|
Batting: RHB William Reynolds
|
0-0: Called Strike 0-1: Foul Ball, location: 9LSF 0-2: Foul Ball, location: 2F 0-2: Ball 1-2: Squeeze Bunt to 5S - play home, runner OUT, batter safe! 5-2
|
Batting: RHB Henry Timperley
|
0-0: Ball 1-0: Called Strike 1-1: Foul Ball, location: 3SF 1-2: Foul Ball, location: 2F 1-2: Strikes out swinging
|
Top of the 5th over - 0 runs, 1 hit, 0 errors, 1 left on base; Louisiana State 0 - Citadel 1 |
BOTTOM OF THE 5TH |
Citadel Cannons batting - Pitching for Louisiana State Lions : RHP William Reynolds
|
Batting: RHB Adrian Haythornthwaite
|
0-0: Swinging Strike 0-1: Ball 1-1: Swinging Strike 1-2: Strikes out swinging
|
Batting: RHB Raymond Nesbitt
|
0-0: Called Strike 0-1: Ground out 5-3 (Groundball, 5, EV 80.0 MPH)
|
Batting: RHB Walter Melville
|
0-0: Called Strike 0-1: Ball 1-1: Called Strike 1-2: Ball 2-2: Ball 3-2: Base on Balls
|
Batting: RHB Judge King
|
0-0: Ball 1-0: Ball 2-0: Ball 3-0: Base on Balls Walter Melville to second
|
Batting: SHB Nolan Barcroft
|
0-0: SINGLE (Line Drive, 78S, EV 98.1 MPH) Walter Melville to third Judge King to second
|
Batting: RHB Adolfo Baker
|
0-0: Called Strike 0-1: Ball 1-1: DOUBLE (Line Drive, 78D, EV 106.9 MPH) Walter Melville scores Judge King scores Nolan Barcroft to third
|
Batting: RHB Thomas Bell
|
0-0: Ball 1-0: Ball 2-0: Ball 3-0: Called Strike 3-1: Foul Ball, location: 9LMF 3-2: Base on Balls
|
Batting: RHB Henderso Ekins
|
0-0: SINGLE (Flyball, 8LS, EV 98.1 MPH) Nolan Barcroft scores Adolfo Baker to third Thomas Bell to second
|
Batting: RHB Robert Strugnell
|
0-0: Ball 1-0: Ball 2-0: Ball 3-0: Called Strike 3-1: Fielders Choice at 2nd, 6-4 (Groundball, 6, EV 104.4 MPH)
|
Bottom of the 5th over - 3 runs, 3 hits, 0 errors, 3 left on base; Louisiana State 0 - Citadel 4 |
TOP OF THE 6TH |
Louisiana State Lions batting - Pitching for Citadel Cannons : RHP Raymond Nesbitt
|
Batting: RHB George Wiggins
|
0-0: Ball 1-0: Ball 2-0: Ground out 5-3 (Groundball, 56S, EV 85.6 MPH)
|
Batting: RHB Walter Bellenger
|
0-0: Called Strike 0-1: Ball 1-1: Ground out 4-3 (Groundball, 4, EV 83.1 MPH)
|
Batting: LHB John Gornall
|
0-0: Called Strike 0-1: Fly out, F2 (Popup, 15S, EV 87.5 MPH)
|
Top of the 6th over - 0 runs, 0 hits, 0 errors, 0 left on base; Louisiana State 0 - Citadel 4 |
BOTTOM OF THE 6TH |
Citadel Cannons batting - Pitching for Louisiana State Lions : RHP William Reynolds
|
Batting: RHB Adrian Haythornthwaite
|
0-0: Fly out, F7 (Flyball, 78S, EV 86.3 MPH)
|
Batting: RHB Raymond Nesbitt
|
0-0: Ball 1-0: Ball 2-0: Ball 3-0: Called Strike 3-1: Foul Ball, location: 3SF 3-2: Foul Ball, location: 9LMF 3-2: Base on Balls
|
Batting: RHB Walter Melville
|
0-0: Called Strike 0-1: Fly out, F8 (Flyball, 8LXD, EV 78.8 MPH)
|
Batting: RHB Judge King
|
0-0: Ball 1-0: Fly out, F6 (Line Drive, 6D, EV 71.3 MPH)
|
Bottom of the 6th over - 0 runs, 0 hits, 0 errors, 1 left on base; Louisiana State 0 - Citadel 4 |
TOP OF THE 7TH |
Louisiana State Lions batting - Pitching for Citadel Cannons : RHP Raymond Nesbitt
|
Batting: RHB Charles Hutchinson
|
0-0: Ball 1-0: Ball 2-0: Ball 3-0: Called Strike 3-1: Fly out, F9 (Flyball, 89M, EV 95.6 MPH)
|
Batting: RHB Calvin Mawson
|
0-0: Ball 1-0: Ground out 5-3 (Groundball, 56S, EV 63.1 MPH)
|
Batting: LHB Clemens Byrd
|
0-0: Ball 1-0: Foul Ball, location: 5SF 1-1: Ground out 1-3 (Groundball, 34S, EV 63.1 MPH)
|
Top of the 7th over - 0 runs, 0 hits, 0 errors, 0 left on base; Louisiana State 0 - Citadel 4 |
BOTTOM OF THE 7TH |
Citadel Cannons batting - Pitching for Louisiana State Lions : RHP William Reynolds
|
Batting: SHB Nolan Barcroft
|
0-0: Fly out, F8 (Line Drive, 8RS, EV 110.6 MPH)
|
Batting: RHB Adolfo Baker
|
0-0: Ball 1-0: Foul Ball, location: 3FF 1-1: Foul Ball, location: 5F 1-2: Strikes out swinging
|
Batting: RHB Thomas Bell
|
0-0: Called Strike 0-1: Reached on error, E5 (Groundball, 56, EV 85.6 MPH)
|
Batting: RHB Henderso Ekins
|
0-0: Swinging Strike 0-1: Ball 1-1: Ball 2-1: Ball Wild Pitch! Thomas Bell to second 3-1: Base on Balls
|
Batting: RHB Robert Strugnell
|
0-0: Ball 1-0: Foul Ball, location: 2F 1-1: Foul Ball, location: 2F 1-2: Ball 2-2: Strikes out swinging
|
Bottom of the 7th over - 0 runs, 0 hits, 1 error, 2 left on base; Louisiana State 0 - Citadel 4 |
TOP OF THE 8TH |
Louisiana State Lions batting - Pitching for Citadel Cannons : RHP Raymond Nesbitt
|
Batting: LHB Andrew Dicey
|
0-0: Called Strike 0-1: Ball 1-1: Called Strike 1-2: Foul Ball, location: 2F 1-2: Foul Ball, location: 3F 1-2: Ground out 4-3 (Groundball, 4, EV 90.0 MPH)
|
Pinch Hitting: LHB Roy Baverstock
|
0-0: Called Strike 0-1: Fly out, F7 (Line Drive, 7S, EV 66.9 MPH)
|
Batting: RHB Henry Timperley
|
0-0: Ball 1-0: Ball 2-0: Ball 3-0: Called Strike 3-1: Foul Ball, location: 2F 3-2: Base on Balls
|
Batting: RHB George Wiggins
|
0-0: Called Strike 0-1: Foul Ball, location: 2F 0-2: Ball 1-2: Ball 2-2: Foul Ball, location: 2F 2-2: Ball 3-2: Ground out 6-3 (Groundball, 56, EV 79.4 MPH)
|
Top of the 8th over - 0 runs, 0 hits, 0 errors, 1 left on base; Louisiana State 0 - Citadel 4 |
BOTTOM OF THE 8TH |
Citadel Cannons batting - Pitching for Louisiana State Lions : RHP William Reynolds
|
Pitching: LHP Alfred Pentelow
|
|
Batting: RHB Adrian Haythornthwaite
|
0-0: Ball 1-0: Ball 2-0: Fly out, F3 (Popup, 3SF, EV 79.4 MPH)
|
Batting: RHB Raymond Nesbitt
|
0-0: Ball 1-0: Called Strike 1-1: Fly out, F8 (Flyball, 8RD, EV 83.8 MPH)
|
Batting: RHB Walter Melville
|
0-0: Ball 1-0: Fly out, F4 (Line Drive, 4, EV 65.6 MPH)
|
Bottom of the 8th over - 0 runs, 0 hits, 0 errors, 0 left on base; Louisiana State 0 - Citadel 4 |
TOP OF THE 9TH |
Louisiana State Lions batting - Pitching for Citadel Cannons : RHP Raymond Nesbitt
|
Batting: RHB Walter Bellenger
|
0-0: Called Strike 0-1: Called Strike 0-2: Ball 1-2: Ball 2-2: Fly out, F5 (Popup, 5S, EV 80.0 MPH)
|
Batting: LHB John Gornall
|
0-0: Called Strike 0-1: Swinging Strike 0-2: Ball 1-2: Ball 2-2: Fly out, F7 (Flyball, 7D, EV 108.8 MPH)
|
Batting: RHB Charles Hutchinson
|
0-0: Called Strike 0-1: Foul Ball, location: 9LDF 0-2: Strikes out swinging
|
Top of the 9th over - 0 runs, 0 hits, 0 errors, 0 left on base; Louisiana State 0 - Citadel 4 |
|